AoeStats
← blytz

Arabia

510431338Analyzed
1v1 RM · 1d ago on Oct 1, 2026· 33m 6s· 2 players
Game mode
Random Map
Map size
Tiny (2 player)
Population
200
Speed
Normal
Resources
Standard
Victory
Conquest
Starting age
Dark Age
Ending age
Imperial Age
RankedLock teamsTeams togetherTeam positionsShared explorationLock speedFull tech treeHidden civsTurbo modeCheats
Victory
Defeat
🇨🇳 Muisca · China
2287
+6
🇮🇳 Burgundians · India
2036
-6
link_chaos
6:12 Loom
8:28 Feudal Age
7:42 Double-Bit Axe
12:44 Bow Saw
12:14 Horse Collar
19:19 Wheelbarrow
18:51 Arson
19:18 Forging
23:23 Castle Age
22:23 Heavy Plow
22:26 Gold Mining
23:34 Scale Barding Armor
25:31 Iron Casting
29:08 Chain Barding Armor
blytz
6:31 Loom
8:38 Feudal Age
8:52 Champi Runner
11:37 Double-Bit Axe
17:17 Town Watch
20:18 Castle Age
18:38 Fletching
19:18 Horse Collar
19:34 Gold Mining
20:22 Champi Warrior
21:03 Squires
29:54 Bow Saw
32:36 Wheelbarrow
32:11 Stone Mining
Connection lost

Rejoining the realm…

Still unreachable

The connection could not be restored.

Session expired

The server has moved on; the page needs a fresh start.